 Dungeon Crawl Stone Soup version 0.21.1-1-g345015fe64 (webtiles) character file.

1212 Peloso the Shield-Bearer (level 8, -1/62 HPs)
             Began as a Demonspawn Fighter on May 12, 2018.
             Was an Initiate of Okawaru.
             Slain by an orc warrior
             ... wielding a +2 battleaxe of electrocution
              (7 damage)
             ... on level 6 of the Dungeon.
             The game lasted 00:09:29 (3998 turns).

Peloso the Shield-Bearer (Demonspawn Fighter)       Turns: 3998, Time: 00:09:29

Health: -1/62      AC: 18    Str: 24    XL:     8   Next: 22%
Magic:  8/8        EV:  5    Int:  9    God:    Okawaru [......]
Gold:   274        SH: 10    Dex: 13    Spells: 7/7 levels left

rFire    + . .     SeeInvis .   a - +1 long sword
rCold    x . .     Gourm    .   c - +0 shield
rNeg     . . .     Faith    .   b - +1 plate armour
rPois    .         Spirit   .   (helmet restricted)
rElec    .         Reflect  .   o - +0 cloak
rCorr    .         Harm     .   (no gloves)
MR       .....                  (no boots)
Stlth    ..........             (no amulet)
HPRegen  0.20/turn              e - +3 ring of protection
MPRegen  0.11/turn              k - ring of fire

@: mighty
A: horns 2, rugged brown scales 1, demonic guardian 1, nightstalker 1
a: Renounce Religion


You were on level 6 of the Dungeon.
You worshipped Okawaru.
Okawaru was noncommittal.
You were hungry.

You visited 2 branches of the dungeon, and saw 7 of its levels.

You collected 274 gold pieces.

Inventory:

Hand Weapons
 a - a +1 long sword (weapon)
Missiles
 p - 52 bolts
Armour
 b - a +1 plate armour (worn)
 c - a +0 shield (worn)
 o - a +0 cloak (worn)
 u - +0 acid dragon scales
Jewellery
 e - a +3 ring of protection (left hand)
 i - an uncursed ring of ice
 j - an uncursed ring of protection from fire
 k - a ring of fire (right hand)
 s - an uncursed ring of protection from magic {unknown}
Scrolls
 l - 5 scrolls of remove curse
 m - a scroll of amnesia
 w - 5 scrolls of teleportation
 y - a scroll of fear {unknown}
 B - a scroll of identify
Potions
 g - 2 potions of mutation
 h - 3 potions of flight
 n - a potion of heal wounds
 q - 3 potions of agility {unknown}
 r - a potion of brilliance {unknown}
 t - a potion of magic {unknown}
 v - 4 potions of curing {unknown}
 z - a potion of degeneration {unknown}
Books
 A - a book of Frost

   Spells                             Type                      Level
   a - Freeze                         Ice                          1
   b - Throw Frost                    Conjuration/Ice              2
   c - Ozocubu's Armour               Charms/Ice                   3
   d - Throw Icicle                   Conjuration/Ice              4
   e - Summon Ice Beast               Ice/Summoning                4
Comestibles
 f - 17 rations


   Skills:
 + Level 4.3 Fighting
 + Level 5.4 Long Blades
 + Level 4.8 Armour
 + Level 1.8 Dodging
 + Level 0.4 Stealth
 + Level 5.5 Shields


You had 7 spell levels left.
You didn't know any spells.

Dungeon Overview and Level Annotations

Branches:
Dungeon (6/15)             Temple (1/1) D:6

Altars:
Ashenzari
Cheibriados
Dithmenos
Elyvilon
Fedhas
Gozag
Hepliaklqana
Kikubaaqudgha
Makhleb
Nemelex Xobeh
Okawaru
Qazlal
Ru
Sif Muna
Trog
Uskayaw
Vehumet
Wu Jian
Xom
Yredelemnul
Zin
The Shining One


Innate Abilities, Weirdness & Mutations

You have a pair of horns on your head.
You are partially covered in rugged brown scales. (AC +1, +3% HP)
A weak demonic guardian rushes to your aid.
You are slightly more attuned to the shadows.


Message History

Your iron imp dies!
You block the two-headed ogre's attack. x2
You slash the two-headed ogre!
The two-headed ogre is severely wounded.
The orc wizard casts a spell.
The orc wizard blinks!
The two-headed ogre hits you with a giant club!!
The two-headed ogre hits you with a giant club!
* * * LOW HITPOINT WARNING * * *
You barely miss the two-headed ogre.
The two-headed ogre is severely wounded.
The orc warrior hits you with a battleaxe of electrocution!
* * * LOW HITPOINT WARNING * * *
You block the two-headed ogre's attack. The two-headed ogre barely misses you.
The orc wizard loudly yells encouragement to no one in particular.
Unknown command.
You barely miss the two-headed ogre. You headbutt the two-headed ogre!
The two-headed ogre is severely wounded.
The orc warrior hits you with a battleaxe of electrocution!
You die...

#.#...## ####
#.##.######## ...#
#.##......... ##.#
#.##.######## #.#
##########.##.# #.#
#.......)..##.##
#.###.########.....#
#.....# #O#####≈..
####### #.@oooo...
#####§..♣. .... ≈..
≈. .


You could see a two-headed ogre, an orc warrior, an orc wizard and 2 orcs.

Vanquished Creatures
  A phantom (D:3)
  2 sky beasts (D:6)
  A centaur (D:5)
  2 bullfrogs
  A scorpion (D:4)
  2 crimson imps (D:5)
  A quasit (D:5)
  A hound (D:6)
  A centaur zombie (D:6)
  A jelly (D:5)
  2 orc wizards
  3 worker ants
  6 gnolls
  4 adders
  An adder zombie (D:5)
  A dart slug (D:3)
  A leopard gecko (D:1)
  11 orcs
  4 bats
  9 giant cockroaches
  8 hobgoblins
  5 jackals
  6 kobolds
  2 quokkas
  2 frilled lizards
  7 goblins
  A leopard gecko skeleton (D:5)
  7 rats
93 creatures vanquished.

Vanquished Creatures (collateral kills)
  The ghost of dracomuter the Cudgeler, an amateur TrCK of Xom (D:4)
  An ogre (D:6)
  A scorpion (D:6)
  2 gnolls (D:2)
  An orc (D:3)
  A frilled lizard (D:3)
7 creatures vanquished.

Vanquished Creatures (others)
  A quokka (D:6)
1 creature vanquished.

Grand Total: 101 creatures vanquished

Notes
Turn   | Place    | Note
-------+----------+-------------------------------------------
     0 | D:1      | Peloso the Demonspawn Fighter began the quest for the Orb.
     0 | D:1      | Reached XP level 1. HP: 18/18 MP: 1/1
   312 | D:1      | Gained mutation: You are partially covered in rugged brown scales. (AC +1, +3% HP) [demonic ancestry]
   312 | D:1      | Reached XP level 2. HP: 17/24 MP: 2/2
   850 | D:2      | Gained mutation: A weak demonic guardian rushes to your aid. [demonic ancestry]
   850 | D:2      | Reached XP level 3. HP: 25/29 MP: 3/3
  1047 | D:2      | Gained mutation: You have a pair of small horns on your head. [demonic ancestry]
  1047 | D:2      | Reached XP level 4. HP: 36/36 MP: 4/4
  1494 | D:3      | Noticed a phantom
  1506 | D:3      | Noticed a bullfrog
  1512 | D:3      | Killed a bullfrog
  1512 | D:3      | Reached XP level 5. HP: 39/42 MP: 5/5
  1525 | D:3      | Killed a phantom
  1859 | D:3      | Found an ancient bone altar of Kikubaaqudgha.
  1859 | D:3      | Found a snail-covered altar of Cheibriados.
  1980 | D:4      | Reached XP level 6. HP: 48/48 MP: 6/6
  2068 | D:4      | Found a glowing silver altar of Zin.
  2070 | D:4      | Found a hide-covered altar of Uskayaw.
  2273 | D:4      | Reached skill level 1 in Dodging
  2341 | D:4      | Noticed dracomuter's ghost (amateur TrCK)
  2368 | D:4      | Killed dracomuter's ghost
  2507 | D:4      | Gained mutation: You are slightly more attuned to the shadows. [demonic ancestry]
  2507 | D:4      | Reached XP level 7. HP: 53/54 MP: 7/7
  2763 | D:5      | Entered Level 5 of the Dungeon
  3161 | D:5      | Reached skill level 5 in Long Blades
  3481 | D:6      | Reached skill level 5 in Shields
  3607 | D:6      | Gained mutation: You have a pair of horns on your head. [demonic ancestry]
  3607 | D:6      | Reached XP level 8. HP: 40/61 MP: 8/8
  3669 | D:6      | Found a staircase to the Ecumenical Temple.
  3678 | Temple   | Entered the Ecumenical Temple
  3724 | Temple   | Became a worshipper of Warmaster Okawaru
  3993 | D:6      | Noticed a two-headed ogre
  3998 | D:6      | Slain by an orc warrior

Skill      XL: |  1  2  3  4  5  6  7 |
---------------+----------------------+-----
Shields        | 3 4 5 |  5.5
Long Blades    | 2 3 4 5 |  5.4
Armour         | 3 4 |  4.8
Dodging        | 1 |  1.8
Fighting       | 4 |  4.3
Stealth        | |  0.4

Action                   |  1- 3 |  4- 6 |  7- 9 || total
-------------------------+-------+-------+-------++-------
Melee: Long sword        |    94 |   130 |   179 ||   403
       Headbutt          |       |    22 |    30 ||    52
  Use: Scroll            |       |     4 |     5 ||     9
       Potion            |       |       |     1 ||     1
 Stab: Distracted        |       |     1 |       ||     1
  Eat: Chunk             |     1 |     5 |     4 ||    10
Armor: Scale mail        |    57 |    24 |       ||    81
       Plate armour      |       |    48 |   122 ||   170
Dodge: Dodged            |    32 |    30 |    31 ||    93
Block: Shield            |    54 |    63 |    82 ||   199
       Rpst.: Long sword |     7 |    12 |     7 ||    26
